 Dungeon Crawl Stone Soup version 0.31-a0-210-gccc998df9b (webtiles) character file.

Game seed: 4828191153458433126

46 qw the Shooter (level 3, -2/21 HPs)
             Began as a Gargoyle Hexslinger on June 30, 2023.
             Slain by a worm (7 damage)
             ... on level 3 of the Dungeon.
             The game lasted 00:00:35 (1540 turns).

qw the Shooter (Gargoyle Hexslinger)                Turns: 1540, Time: 00:00:36

Health: -2/21      AC:  9    Str: 11    XL:     3   Next: 66%
Magic:  4/4        EV: 10    Int: 13    God:
Gold:   100        SH:  0    Dex: 14    Spells: 3/4 levels left

rFire   + . .        Y - +2 sling
rCold   . . .        (no shield)
rNeg    + + .        b - +0 ring mail
rPois   inf          (no helmet)
rElec   +            h - +0 cloak
rCorr   .            (no gloves)
SInv    .            (no boots)
Will    .....        (no amulet)
Stlth   +            e - ring of positive energy
HPRegen 0.23/turn    g - ring of protection from fire
MPRegen 0.09/turn

%: no passive effects
@: about to teleport
A: sickness immunity, AC +3, negative energy resistance 1, electricity
resistance, torment resistance 1, petrification resistance
a: no special abilities


You were on level 3 of the Dungeon.
You visited 1 branch of the dungeon, and saw 3 of its levels.

You collected 100 gold pieces.


Innate Abilities, Weirdness & Mutations

You are immune to sickness and miasma.
Your stone body is resilient. (AC +3)
You are immune to poison.
You resist negative energy. (rN+)
You are resistant to electric shocks. (rElec)
You are resistant to unholy torment.
You are immune to petrification.


   Skills:
 - Level 2.0 Fighting
 - Level 3.4 Ranged Weapons
 + Level 0.6 Armour
 - Level 1.5 Dodging
 - Level 1.0 Spellcasting
 - Level 2.6 Hexes


You had 3 spell levels left.
You knew the following spells:

 Your Spells              Type           Power      Damage    Failure   Level
a - Slow                  Hex            28%        N/A       22%         1

Your spell library contained the following spells:

 Spells                   Type           Power      Damage    Failure   Level
 Inner Flame              Hex/Fire       4%         N/A       75%         3
 Portal Projectile        Hex/Tloc       8%         N/A       75%         3
 Cause Fear               Hex            3%         N/A       92%         4

Inventory:

Hand Weapons
 Y - a +2 sling (weapon)
Armour
 b - a +0 ring mail (worn)
 h - a +0 cloak (worn)
Jewellery
 e - a ring of positive energy (left hand)
 g - a ring of protection from fire (right hand)
Scrolls
 a - a scroll of teleportation
 j - a scroll of identify
Potions
 f - a potion of brilliance {unknown}
 i - a potion of might {unknown}

Dungeon Overview and Level Annotations

Branches:
Dungeon (3/15)

Altars:


Message History

A worm comes into view.
Enter note:
Enter note: You shoot a sling bullet.
The sling bullet barely misses the worm.
A worm comes into view.
You shoot a sling bullet. The sling bullet hits the worm.
The worm is moderately wounded.
An orc comes into view. It is wielding a +0 morningstar.
You shoot a sling bullet.
The sling bullet hits the worm but does no damage.
You shoot a sling bullet.
The sling bullet barely misses the worm.
You shoot a sling bullet. The sling bullet hits the worm.
The worm is lightly wounded.
You shoot a sling bullet.
The sling bullet hits the worm but does no damage.
The worm is lightly wounded.
You shoot a sling bullet.
The sling bullet hits the worm but does no damage.
The worm is lightly wounded.
The orc suddenly grunts.
You shoot a sling bullet. The sling bullet hits the worm.
The worm is moderately wounded.
The orc hits you with a +0 morningstar! The worm closely misses you.
You shoot a sling bullet. The sling bullet hits the worm!
The worm is severely wounded.
The orc barely misses you. The worm bites you but does no damage.
You shoot a sling bullet. The sling bullet hits the worm.
The worm is severely wounded.
The orc hits you with a +0 morningstar. The orc hits you with a +0 morningstar!
The worm bites you but does no damage.
1539 ||| READING 2 scrolls of teleportation.
As you read the scroll of teleportation, it crumbles to dust.
You feel strangely unstable. The orc hits you but does no damage.
You shoot a sling bullet.
The sling bullet barely misses the worm.
The worm bites you!
You die...

####...#.#....#######...
#.#....#.#.##.#######...
#.####.#...##.#.
#.#.....#...
#.............#.
#....##.....
##########..###.
###..##.....
.........###..............
.......................###
########.###########......
........@....... #...###
..####.oww#...## #...##
#....# .# #....# #....#
#..### ....## #....#
.#...# #.###.# ..#...# #.#
.# .. #..## #.# .. #.# ..


You could see 2 worms and an orc.

Vanquished Creatures
  A worm (D:2)
  3 ball pythons
  4 endoplasms
  5 giant cockroaches
  4 goblins
  3 hobgoblins
  3 jackals (D:1)
  A kobold (D:2)
  2 quokkas (D:3)
  3 bats (D:1)
  3 frilled lizards
  6 rats
38 creatures vanquished.

Notes
Turn   | Place    | Note
-------+----------+-------------------------------------------
     0 | D:1      | qw the Gargoyle Hexslinger began the quest for the Orb.
     0 | D:1      | Reached XP level 1. HP: 12/12 MP: 2/2
     0 | D:1      | 0 ||| qw: Version: 0.3-a-24-ga2abf7b
     0 | D:1      | 0 ||| qw: Game counter: 7098
     0 | D:1      | 0 ||| qw: Melee chars always use a shield: true
     0 | D:1      | 0 ||| qw: God list: Okawaru
     0 | D:1      | 0 ||| qw: Allow faded altars: false
     0 | D:1      | 0 ||| qw: Do Orc after clearing Dungeon:15 true
     0 | D:1      | 0 ||| qw: Do second Lair branch before Depths: true
     0 | D:1      | 0 ||| qw: Lair rune preference: random
     0 | D:1      | 0 ||| qw: Goals: Normal
     0 | D:1      | 0 ||| PLANNING D:1-11
   196 | D:1      | Reached XP level 2. HP: 10/16 MP: 3/3
   286 | D:1      | Reached skill level 3 in Ranged Weapons
   822 | D:1      | 822 ||| UPGRADING to +0 cloak.
   827 | D:1      | 827 ||| UPGRADING to ring of positive energy.
   828 | D:1      | 828 ||| UPGRADING to ring of protection from fire.
   829 | D:1      | 829 ||| READING scroll labelled MYSEAQ NOSHROE.
   830 | D:1      | 830 ||| READING scroll labelled FITZOET FIZXUS.
   831 | D:1      | 831 ||| READING scroll labelled ORRIWK HIPP.
   832 | D:1      | 832 ||| READING scroll labelled PIJAEJ FIDGHOACVUNA.
   833 | D:1      | 833 ||| READING scroll labelled GIANAIT JEAC.
   834 | D:1      | 834 ||| READING scroll labelled ZOAKIE YHAOHU.
   839 | D:1      | 839 ||| DROPPING scroll of poison.
   980 | D:2      | Reached XP level 3. HP: 21/21 MP: 4/4
  1301 | D:2      | 1301 ||| UPGRADING to +0 ring mail.
  1311 | D:2      | 1311 ||| DROPPING +0 robe.
  1312 | D:2      | 1312 ||| READING scroll labelled JIODAA ROAL.
  1538 | D:3      | HP: 4/21 [orc/+0 morningstar (7)]
  1539 | D:3      | 1539 ||| READING 2 scrolls of teleportation.
  1540 | D:3      | Slain by a worm

Levels and vault maps discovered:
D:1:      scummos_arrival_forest, layout_basic, minmay_misc_feat_square,
          kennysheep_doodads, nrook_loot_triangle
D:2:      layout_basic
D:3:      minmay_recursive_quarters, layout_basic, grunt_gozag_breadcrumbs,
          gammafunk_temple_overflow_statue,
          shapermc_ecumenical_altar_flowoftime, uniq_natasha

Skill      XL: |  1  2 |
---------------+-------+-----
Ranged Weapons | 3 |  3.4
Fighting       | 2 |  2.0
Armour         | |  0.6
Dodging        | |  1.5
Spellcasting   | |  1.0
Hexes          | |  2.6

Action                     || total
---------------------------++-------
   Fire: Sling             ||   129
    Use: Scroll            ||     8
 Armour: Robe              ||    12
         Ring mail         ||     3
  Dodge: Dodged            ||    51

Table legend:
 A = Non-vault XP
 B = Vault XP
 C = Vault XP percentage of total XP
 D = Non-vault monster count
 E = Vault monster count
 F = Vault count percentage of total count
                 A         B        C        D         E       F
            +---------+---------+-------+---------+---------+-------
      Total |      66 |       0 |   0.0 |      38 |       0 |   0.0
            +---------+---------+-------+---------+---------+-------
        D:1 |      23 |       0 |   0.0 |      13 |       0 |   0.0
        D:2 |      35 |       0 |   0.0 |      20 |       0 |   0.0
        D:3 |       8 |       0 |   0.0 |       5 |       0 |   0.0
            +---------+---------+-------+---------+---------+-------
